 Dungeon Crawl Stone Soup version 0.27.1 (webtiles) character file.

Game seed: 16815132048956721723

5 r3algoood the Grave Robber (level 1, 0/10 HPs)
             Began as a Deep Elf Necromancer on Aug 31, 2021.
             Slain by a kobold (1 damage)
             ... on level 1 of the Dungeon.
             The game lasted 00:02:21 (139 turns).

r3algoood the Grave Robber (Deep Elf Necromancer)    Turns: 139, Time: 00:02:22

Health: 0/10       AC:  2    Str:  5    XL:     1   Next: 66%
Magic:  2/6        EV: 12    Int: 19    God:
Gold:   7          SH:  0    Dex: 15    Spells: 4/6 levels left

rFire    . . .     SeeInvis .   (no weapon)
rCold    . . .     Faith    .   (no shield)
rNeg     . . .     Spirit   .   a - +0 robe
rPois    .         Reflect  .   (no helmet)
rElec    .         Harm     .   (no cloak)
rCorr    .         Rampage  .   (no gloves)
Will     .....                  (no boots)
Stlth    ++........             (no amulet)
HPRegen  0.03/turn              (no ring)
MPRegen  0.10/turn              (no ring)

@: no status effects
A: no striking features
a: no special abilities


You were on level 1 of the Dungeon.
You visited 1 branch of the dungeon, and saw 1 of its levels.

You collected 7 gold pieces.

Inventory:

Armour
 a - a +0 robe (worn)
Scrolls
 b - a scroll of enchant armour {unknown}
 d - a scroll of teleportation {unknown}
Potions
 c - a potion of attraction {unknown}


   Skills:
 + Level 2.4 Dodging
 + Level 2.4 Stealth
 + Level 3.0 Spellcasting
 + Level 5.1 Necromancy


You had 4 spell levels left.
You knew the following spells:

 Your Spells              Type           Power      Damage    Failure   Level
a - Pain                  Necr           88%        1d8       1%          1
b - Animate Skeleton      Necr           44%        N/A       1%          1

Your spell library contained the following spells:

 Spells                   Type           Power      Damage    Failure   Level
 Vampiric Draining        Necr           11%        2d7       5%          3
 Animate Dead             Necr           11%        N/A       19%         4
 Summon Guardian Golem    Hex/Summ       2%         N/A       41%         3
 Agony                    Necr           22%        N/A       45%         5
 Orb of Destruction       Conj           1%         N/A       100%        7
 Spellforged Servitor     Conj/Summ      1%         N/A       100%        7


Dungeon Overview and Level Annotations

Branches:
Dungeon (1/15)

Altars:


Message History

Memorise Animate Skeleton, consuming 1 spell level and leaving 4?
The kobold hits the bush but does no damage.
You start memorising the spell.
You continue memorising.
The kobold throws a stone.
Your memorisation is interrupted.
The stone hits you but does no damage.
The kobold hits the bush with a +0 short sword.
Casting: Pain (safe; 1% risk of failure)
Confirm with . or Enter, or press ? or * to list all spells.
Aiming: Pain (safe; 1% risk of failure)
Press: ? - help, Shift-Dir - straight line, f/p - kobold
Aim: a kobold, wielding a +0 short sword and quivering stones (chance to affect: 91%)
The kobold writhes in agony.
You kill the kobold!
The kobold throws a stone.
The stone hits you.
Memorise Animate Skeleton, consuming 1 spell level and leaving 4?
The kobold hits the bush but does no damage.
You start memorising the spell.
You continue memorising.
The kobold hits the bush but does no damage. x2
You finish memorising.
Spell assigned to 'b'.
Casting: Pain (safe; 1% risk of failure)
Confirm with . or Enter, or press ? or * to list all spells.
Aiming: Pain (safe; 1% risk of failure)
Press: ? - help, Shift-Dir - straight line, f/p - kobold
Aim: a kobold, wielding a +0 short sword and quivering stones (chance to affect: 91%)
The kobold barely resists.
The kobold throws a stone.
The stone barely misses you.
The kobold hits you with a +0 short sword.
* * * LOW HITPOINT WARNING * * *
The kobold hits the bush but does no damage. x2
Okay, then.
Casting: Pain (safe; 1% risk of failure)
Confirm with . or Enter, or press ? or * to list all spells.
Aiming: Pain (safe; 1% risk of failure)
Press: ? - help, Shift-Dir - straight line, f/p - kobold
Aim: a kobold, wielding a +0 short sword and quivering stones (chance to affect: 91%)
The kobold writhes in agony!
You kill the kobold!
The kobold hits the bush but does no damage.
The kobold hits you with a +0 dagger.
You die...

##'##....## #...#
.#. ........##
##..)# #
......### ##....#
###########.....#
#........#
.........# ♣
######..# ..≈
#######.### P....
.........@#P...§.
.########.KKK..§.
###P.÷...


PP.... PP... ♣ ♣# You could see 3 kobolds.

Vanquished Creatures
  A goblin (D:1)
  2 kobolds (D:1)
  2 bats (D:1)
5 creatures vanquished.

Vanquished Creatures (others)
  2 plants (D:1)
2 creatures vanquished.

Grand Total: 7 creatures vanquished

Notes
Turn   | Place    | Note
-------+----------+-------------------------------------------
     0 | D:1      | r3algoood the Deep Elf Necromancer began the quest for the
                  | Orb.
     0 | D:1      | Reached XP level 1. HP: 10/10 MP: 6/6
   107 | D:1      | Reached skill level 5 in Necromancy
   137 | D:1      | Learned a level 1 spell: Animate Skeleton
   139 | D:1      | Slain by a kobold

Illustrated notes

Levels and vault maps discovered:
D:1:      dpeg_arrival_concentric_ovals, layout_rooms, serial_bayou,
          serial_bayou_crossing, serial_bayou_pond_c, serial_bayou_shore_b,
          serial_bayou_lagoon_a, lexackson_kobold_supper

Skill      XL: |  1 |
---------------+----+-----
Necromancy     | 5 |  5.1
Dodging        | |  2.4
Stealth        | |  2.4
Spellcasting   | |  3.0

Action                   || total
-------------------------++-------
 Cast: Pain              ||     7
Armor: Robe              ||     4
Dodge: Dodged            ||     1
